 Dungeon Crawl Stone Soup version 0.28.0-45-g0d030f2227 (webtiles) character file.

Game seed: 8842240259027573980

273 jimonade the Digger (level 6, -1/36 HPs)
             Began as a Gargoyle Earth Elementalist on Apr 9, 2022.
             Slain by a gnoll shaman
             ... wielding a +0 whip
              (7 damage)
             ... on level 4 of the Dungeon.
             The game lasted 00:17:38 (6653 turns).

jimonade the Digger (Gargoyle Earth Elementalist)   Turns: 6653, Time: 00:17:39

Health: -1/36      AC:  7    Str: 12    XL:     6   Next: 23%
Magic:  7/10       EV: 12    Int: 17    God:
Gold:   169        SH:  0    Dex: 10    Spells: 4/10 levels left

rFire   . . .      SeeInvis +   t - +2 hunting sling (flame)
rCold   . . .      Faith    .   (no shield)
rNeg    + . .      Spirit   .   g - +0 robe
rPois   ∞          Reflect  .   (no helmet)
rElec   +          Harm     .   (no cloak)
rCorr   +          Rampage  .   (no gloves)
Will    .....                   f - +0 pair of boots
Stlth   ++........              (no amulet)
HPRegen 0.12/turn               h - ring of see invisible
MPRegen 0.12/turn               r - ring of resist corrosion

@: no status effects
A: sickness immunity, AC +4, negative energy resistance 1, electricity
resistance, torment resistance 1, petrification resistance
a: no special abilities


You were on level 4 of the Dungeon.
You visited 1 branch of the dungeon, and saw 4 of its levels.

You collected 169 gold pieces.

Inventory:

Hand Weapons
 a - a +0 short sword
 e - a +0 dagger
 t - a +2 hunting sling of flaming (weapon)
Missiles
 c - 18 stones (quivered ammo)
 i - 2 boomerangs
 j - 62 arrows
 p - 35 bolts
Armour
 f - a +0 pair of boots (worn)
 g - a +0 robe (worn)
 m - a +0 ring mail
 o - a +0 ring mail
 s - a +0 leather armour
Magical Staves
 v - a staff of poison
Jewellery
 h - a ring of see invisible (left hand)
 r - a ring of resist corrosion (right hand)
Scrolls
 k - a scroll of fear {unknown}
 l - a scroll of fog {unknown}
 n - 2 scrolls of identify {unknown}
 q - a scroll of teleportation {unknown}
 u - a scroll of vulnerability {unknown}
Potions
 b - 2 potions of ambrosia {unknown}
 d - a potion of cancellation {unknown}
 w - a potion of might {unknown}


   Skills:
 + Level 2.4 Fighting
 - Level 1.6 Short Blades
 + Level 2.2 Slings
 - Level 0.5(1.4) Throwing
 + Level 2.2 Dodging
 - Level 2.1 Stealth
 * Level 2.8 Spellcasting
 - Level 0.7 Transmutations
 * Level 4.8 Earth Magic


You had 4 spell levels left.
You knew the following spells:

 Your Spells              Type           Power      Damage    Failure   Level
a - Sandblast             Erth           36%        2d10      2%          1
b - Passwall              Tmut/Erth      9%         N/A       9%          2
c - Stone Arrow           Conj/Erth      20%        3d8       21%         3

Your spell library contained the following spells:

 Spells                   Type           Power      Damage    Failure   Level
 Petrify                  Tmut/Erth      11%        N/A       50%         4


Dungeon Overview and Level Annotations

Branches:
Dungeon (4/15)
 Temple: D:4-7

Altars:
Kikubaaqudgha

Shops:
D:2 *[(   D:4 *([[

Portals:
Abyss: D:4

Annotations:
D:4 1 transporter, pkoi's ghost, amateur DgAE


Innate Abilities, Weirdness & Mutations

You are immune to sickness and miasma.
Your stone body is resilient. (AC +4)
You are immune to poison.
You resist negative energy. (rN+)
You are resistant to electric shocks. (rElec)
You are resistant to unholy torment.
You are immune to petrification.


Message History

The gnoll shaman hits you with a +0 whip!
Fire: 22 stones
Press: ? - help, Q - select action, (/) - cycle Shift-Dir - straight line, f/p - gnoll shaman
Aim: a gnoll shaman, wielding a +0 whip and wearing a +0 leather armour (heavily wounded, 64% to hit)
You shoot a stone.
The stone closely misses the gnoll shaman.
The gnoll shaman barely misses you.
Casting: Sandblast (safe; 2% risk of failure)
Confirm with . or Enter, or press ? or * to list all spells.
The spell is quite dangerous to miscast (21% risk of failure)!
Continue anyway?
Aiming: Stone Arrow (quite dangerous; 21% risk of failure)
Press: ? - help, Shift-Dir - straight line, f/p - gnoll shaman
Aim: a gnoll shaman, wielding a +0 whip and wearing a +0 leather armour (heavily wounded, 72% to hit)
The stone arrow misses the gnoll shaman.
You are no longer glowing.
The gnoll shaman misses you.
Fire: 21 stones
Press: ? - help, Q - select action, (/) - cycle Shift-Dir - straight line, f/p - gnoll shaman
Aim: a gnoll shaman, wielding a +0 whip and wearing a +0 leather armour (heavily wounded, 64% to hit)
You shoot a stone.
The stone barely misses the gnoll shaman.
The gnoll shaman hits you with a +0 whip.
* * * LOW HITPOINT WARNING * * *
Fire: 20 stones
Press: ? - help, Q - select action, (/) - cycle Shift-Dir - straight line, f/p - gnoll shaman
Aim: a gnoll shaman, wielding a +0 whip and wearing a +0 leather armour (heavily wounded, 64% to hit)
You shoot a stone. The stone hits the gnoll shaman.
The stone burns the gnoll shaman.
The gnoll shaman is almost dead.
The gnoll shaman mumbles some strange prayers to its god.
The gnoll shaman is healed somewhat.
Fire: 19 stones
Press: ? - help, Q - select action, (/) - cycle Shift-Dir - straight line, f/p - gnoll shaman
Aim: a gnoll shaman, wielding a +0 whip and wearing a +0 leather armour (severely wounded, 64% to hit)
You shoot a stone.
The stone closely misses the gnoll shaman.
The gnoll shaman utters an invocation to its god.
The gnoll shaman is healed somewhat.
The gnoll shaman hits you with a +0 whip!
You die...

##..#####
#.#.>.#.# #..
##.#...#.# #..
#..#####.# ...
###.......## ..
#........## ...
#.#......# ((..
#.#.##...# .....
#.#......#
......##(g@.....#
...(.(()8...##.##
#####..8.8.....#
#.8...8.####
..8..∩..8#
###.8...8.#
#..8.8..#
....8...#
#........#


You could see a gnoll shaman.

Vanquished Creatures
  A water moccasin skeleton (D:4)
  A jelly (D:3)
  4 gnolls
  6 adders
  2 dart slugs
  13 orcs
  4 bats
  8 endoplasms
  4 giant cockroaches
  5 goblins
  5 hobgoblins
  6 jackals
  6 kobolds
  5 quokkas
  7 ball pythons
  2 frilled lizards (D:1)
  10 rats
89 creatures vanquished.

Vanquished Creatures (others)
  2 plants (D:1)
2 creatures vanquished.

Grand Total: 91 creatures vanquished

Notes
Turn   | Place    | Note
-------+----------+-------------------------------------------
     0 | D:1      | jimonade the Gargoyle Earth Elementalist began the quest
                  | for the Orb.
     0 | D:1      | Reached XP level 1. HP: 10/10 MP: 3/3
   194 | D:1      | Reached XP level 2. HP: 10/16 MP: 0/5
   201 | D:1      | Reached skill level 4 in Earth Magic
  1212 | D:2      | Reached skill level 1 in Fighting
  1220 | D:2      | Reached XP level 3. HP: 16/20 MP: 3/6
  1274 | D:2      | Learned a level 2 spell: Passwall
  1278 | D:2      | Learned a level 3 spell: Stone Arrow
  1389 | D:2      | Found a faded altar of an unknown god.
  2527 | D:2      | Found an ancient bone altar of Kikubaaqudgha.
  2554 | D:2      | Reached XP level 4. HP: 4/25 MP: 7/7
  2857 | D:2      | Reached skill level 1 in Short Blades
  2901 | D:2      | Found Raru's Antique Weapon Boutique.
  3225 | D:2      | Found Buhovemuz's Armour Shoppe.
  3460 | D:2      | Found Buzyid's Assorted Antiques.
  4422 | D:3      | Reached XP level 5. HP: 30/30 MP: 8/8
  5303 | D:3      | Reached skill level 1 in Slings
  5478 | D:4      | Noticed pkoi's ghost (amateur DgAE)
  5478 | D:4      | Found a one-way gate to the infinite horrors of the Abyss.
  6027 | D:4      | Noticed a small abomination
  6201 | D:4      | Reached XP level 6. HP: 36/36 MP: 8/10
  6395 | D:4      | Found a transporter.
  6405 | D:4      | Found Popsery's Antique Weapon Shoppe.
  6418 | D:4      | Found Qayth's Assorted Antiques.
  6597 | D:4      | Found Gebbem's Antique Armour Shop.
  6614 | D:4      | Found Rizu's Antique Armour Shop.
  6653 | D:4      | Slain by a gnoll shaman

Illustrated notes

Levels and vault maps discovered:
D:1:      lightli_arrival_windingriver, layout_basic
D:2:      layout_basic, serial_shops, shop, nicolae_diamond_shop, shop,
          basic_ecumenical_altar, basic_altar, corner_web_ring,
          kennysheep_small_spiral
D:3:      layout_basic
D:4:      layout_loops_cross, marbit_many_paths, gammafunk_ghost_abyssal_escape,
          serial_shops, nicolae_take_the_stairs, shop, shop,
          nicolae_diamond_shop, minmay_misc_feat_square,
          chequers_serial_rivers_large_b

Skill      XL: |  1  2  3  4  5  6 |
---------------+-------------------+-----
Earth Magic    | 4 |  4.8
Fighting       | 1 2 |  2.4
Dodging        | 2 |  2.2
Short Blades   | 1 |  1.6
Slings         | 1 2 |  2.2
Throwing       | |  0.5
Stealth        | |  2.1
Spellcasting   | |  2.8
Transmutations | |  0.7

Action                   |  1- 3 |  4- 6 || total
-------------------------+-------+-------++-------
Melee: Short sword       |   144 |    97 ||   241
       Unarmed           |     4 |       ||     4
 Fire: Hunting sling     |       |   135 ||   135
Throw: Boomerang         |     8 |    25 ||    33
 Cast: Sandblast         |    10 |     7 ||    17
       Stone Arrow       |       |     1 ||     1
 Stab: Sleeping          |     8 |     1 ||     9
Armor: Robe              |    43 |    64 ||   107
Dodge: Dodged            |    98 |   122 ||   220
